 Dungeon Crawl Stone Soup version 0.28-a0-239-g68911e0c57 (webtiles) character file.

Game seed: 16886077076874750107

374 Spaninq the Chopper (level 6, -1/58 HPs)
             Began as a Naga Berserker on Aug 23, 2021.
             Was a Priest of Trog.
             Slain by an ogre (26 damage)
             ... on level 4 of the Dungeon.
             The game lasted 00:14:52 (4557 turns).

Spaninq the Chopper (Naga Berserker)                Turns: 4557, Time: 00:14:52

Health: -1/58      AC:  8    Str: 22    XL:     6   Next: 72%
Magic:  6/6        EV:  8    Int:  7    God:    Trog [***...]
Gold:   179        SH:  0    Dex: 10    Spells: 5/5 levels left

rFire   . . .      SeeInvis +   a - +0 hand axe
rCold   . . .      Faith    .   (no shield)
rNeg    . . .      Spirit   .   b - +0 scale mail
rPois   +          Reflect  .   (no helmet)
rElec   .          Harm     .   h - +0 cloak
rCorr   .          Rampage  .   c - +0 pair of gloves
Will    .....                   (no barding)
Stlth   ..........              (no amulet)
HPRegen 0.19/turn               (no ring)
MPRegen 0.10/turn               (no ring)

@: short of breath, studying Axes, very slow
A: AC +2, large, see invisible, deformed body, poison resistance, slowness 2,
spit poison 1, naga tail 1
a: Spit Poison, Renounce Religion, Berserk, Trog's Hand


You were on level 4 of the Dungeon.
You worshipped Trog.
Trog was most pleased with you.
You visited 1 branch of the dungeon, and saw 4 of its levels.
You also visited: Sewer.

You collected 179 gold pieces.

Inventory:

Hand Weapons
 a - a +0 hand axe (weapon)
Armour
 b - a +0 scale mail (worn)
 c - a +0 pair of gloves (worn)
 e - a +0 chain mail
 f - a scarf of resistance
 h - a +0 cloak (worn)
Wands
 s - a wand of flame (24)
Scrolls
 p - a scroll of teleportation
Potions
 d - 2 potions of mutation {unknown}
 g - 2 potions of curing {unknown}
 l - 3 potions of haste
 n - 2 potions of invisibility {unknown}
 q - a potion of magic {unknown}
 r - a potion of heal wounds {unknown}
 t - a potion of brilliance {unknown}


   Skills:
 + Level 4.4 Fighting
 * Level 5.9 Axes
 + Level 3.1 Armour
 - Level 1.5 Dodging


You had 5 spell levels left.
You didn't know any spells.
Your spell library was empty.

Dungeon Overview and Level Annotations

Branches:
Dungeon (4/15)              Sewer (visited)
 Temple: D:4-7

Altars:
Okawaru


Innate Abilities, Weirdness & Mutations

Your serpentine skin is tough. (AC +2)
You have supernaturally acute eyesight. (SInv)
Armour fits poorly on your strangely shaped body.
Your system is resistant to poisons. (rPois)
You cover ground very slowly.
You can spit poison.
You have a snake-like lower body.


Message History

You hit the quokka.
The quokka is severely wounded.
The quokka bites you but does no damage.
You barely miss the quokka.
The quokka is severely wounded.
The quokka closely misses you.
The quokka bites you but does no damage.
You completely miss the quokka.
The quokka is severely wounded.
You have got your breath back.
The quokka barely misses you.
You hit the quokka.
You kill the quokka!
Trog accepts your kill.
An ogre comes into view. It is wielding a +0 giant club.
The ogre shouts!
Press: ? - help, Shift-Dir - straight line, f - ogre
Aim: an ogre, wielding a +0 giant club The splash of poison hits the ogre!
The ogre is poisoned.
The ogre is moderately wounded.
You have got your breath back.
Press: ? - help, Shift-Dir - straight line, f/p - ogre
Aim: an ogre, wielding a +0 giant club (moderately wounded, poisoned)
The splash of poison hits the ogre.
The ogre looks even sicker.
The ogre is heavily wounded.
You hit the ogre.
The ogre is severely wounded.
The ogre hits you with a +0 giant club!!
You barely miss the ogre.
The ogre is severely wounded.
The ogre hits you with a +0 giant club!
You hit the ogre.
The ogre is severely wounded.
You have got your breath back.
Press: ? - help, Shift-Dir - straight line, f/p - ogre
Aim: an ogre, wielding a +0 giant club (severely wounded, very poisoned)
The splash of poison hits the ogre.
The ogre looks even sicker.
The ogre is almost dead.
The ogre hits you with a +0 giant club!!
You die...

#..###.....## ........# ###
..<.#.......# #####...##
#...........# #...#
#..##.......# #:..#
...........## #...#
###.......## #O..#
###.####...# #...# #
....#####..########...####.#
....##.....#...|@O..........
.[.....##..................
....#####..#...............
..............#####...####.
########.#.##.# #...#
#.#.##.# #...# #### #.#.##.#
#...# ...## #.#.##.# #...#
....# #......# #...#


You could see an ogre (very poisoned).

Vanquished Creatures
  A kobold brigand (Sewer)
  A scorpion (D:4)
  A bullfrog skeleton (D:4)
  A hound skeleton (D:4)
  6 adders
  2 river rats (Sewer)
  10 worms
  6 dart slugs
  An orc (D:2)
  6 ball pythons
  4 endoplasms
  6 giant cockroaches
  9 goblins
  5 hobgoblins
  9 jackals
  8 kobolds
  4 quokkas
  3 bats
  4 frilled lizards
  8 rats
95 creatures vanquished.

Vanquished Creatures (others)
  3 plants (D:2)
3 creatures vanquished.

Grand Total: 98 creatures vanquished

Notes
Turn   | Place    | Note
-------+----------+-------------------------------------------
     0 | D:1      | Spaninq the Naga Berserker began the quest for the Orb.
     0 | D:1      | Reached XP level 1. HP: 21/21 MP: 1/1
   194 | D:1      | Reached XP level 2. HP: 28/28 MP: 2/2
   618 | D:1      | Reached XP level 3. HP: 34/34 MP: 3/3
  1553 | D:2      | Reached ** piety under Trog
  1794 | D:2      | Reached skill level 4 in Axes
  1824 | D:2      | Reached XP level 4. HP: 42/42 MP: 4/4
  2881 | D:3      | Found a glowing drain.
  2904 | Sewer    | Entered a sewer
  3030 | Sewer    | Reached XP level 5. HP: 50/50 MP: 5/5
  3374 | Sewer    | Noticed a kobold brigand
  3388 | Sewer    | Killed a kobold brigand
  3389 | Sewer    | Reached skill level 5 in Axes
  3612 | Sewer    | Reached XP level 6. HP: 55/57 MP: 6/6
  3899 | D:3      | Reached *** piety under Trog
  4237 | D:4      | Identified a scroll of acquirement
  4237 | D:4      | Acquired a manual of Axes
  4466 | D:4      | Found an iron altar of Okawaru.
  4557 | D:4      | Slain by an ogre

Illustrated notes

Levels and vault maps discovered:
D:1:      dpeg_arrival_morbid_curiosity, layout_basic
D:2:      layout_basic, serial_forest, infiniplex_forest_clump_curved,
          infiniplex_forest_end_3, infiniplex_forest_end_3,
          infiniplex_forest_lined_3, infiniplex_forest_zigzag_2,
          infiniplex_forest_end_2, infiniplex_forest_clump_double,
          infiniplex_forest_side_room, infiniplex_forest_end_3,
          minmay_pentomino_z2
D:3:      layout_rooms, cheibrodos_sewer_entry_bend
D:4:      layout_loops_cross, mainiacjoe_overflow_surrounded_room

Skill      XL: |  1  2  3  4  5  6 |
---------------+-------------------+-----
Armour         | 2 3 |  3.1
Axes           | 4 5 |  5.9
Fighting       | 4 |  4.4
Dodging        | |  1.5

Action                   |  1- 3 |  4- 6 || total
-------------------------+-------+-------++-------
Melee: Hand axe          |    80 |   191 ||   271
Invok: Berserk           |       |     2 ||     2
 Abil: Spit Poison       |    39 |    61 ||   100
  Use: Scroll            |       |     8 ||     8
Armor: Animal skin       |     7 |       ||     7
       Chain mail        |     4 |       ||     4
       Scale mail        |    21 |   101 ||   122
Dodge: Dodged            |    32 |   107 ||   139

Table legend: (Time is in decaauts)
 A = Elapsed time spent in this place.
 B = Non-inter-level travel time spent in this place.
 C = Inter-level travel time spent in this place.
 D = Time resting spent in this place.
 E = Time spent auto-exploring this place.
 F = Levels seen in this place.
 G = Mean time per level.
                   A        B        C        D        E       F      G
               +--------+--------+--------+--------+--------+-----+--------+
         Total |   5735 |   5615 |    120 |    634 |   3839 |   5 | 1147.0 |
       Dungeon |   4670 |   4550 |    120 |    101 |   3595 |   4 | 1167.5 |
         Sewer |   1064 |   1064 |      0 |    533 |    243 |   1 | 1064.0 |
               +--------+--------+--------+--------+--------+-----+--------+

Top non-repeatable levels by time:
     D:2: 1772 daAuts
     D:1: 1675 daAuts
   Sewer: 1064 daAuts
     D:3: 781 daAuts
     D:4: 440 daAuts
